 Dungeon Crawl Stone Soup version 0.27-a0-1119-gbf574a6a6b (webtiles) character file.

Game seed: 2798246355038601245

205 Zeld the Shield-Bearer (level 5, 0/37 HPs)
             Began as an Octopode Fighter on May 2, 2021.
             Slain by a crimson imp
             ... wielding a +2 dagger of chaos
              (6 damage)
             ... on level 3 of the Dungeon.
             The game lasted 00:03:19 (2408 turns).

Zeld the Shield-Bearer (Octopode Fighter)           Turns: 2408, Time: 00:03:20

Health: 0/37       AC:  1    Str: 16    XL:     5   Next: 83%
Magic:  5/5        EV: 11    Int: 10    God:
Gold:   83         SH:  9    Dex: 12    Spells: 4/4 levels left

rFire    . . .     SeeInvis .   a - +0 war axe
rCold    . . .     Faith    .   b - +0 kite shield
rNeg     . . .     Spirit   .   (helmet restricted)
rPois    .         Reflect  .   (no amulet)
rElec    .         Harm     .   (no ring)
rCorr    .         Rampage  .   (no ring)
Will     .....                  (no ring)
Stlth    ++........             (no ring)
HPRegen  0.12/turn              (no ring)
MPRegen  0.09/turn              (no ring)
                                (no ring)
                                (no ring)

@: no status effects
A: almost no armour, amphibious, 8 rings, camouflage 1, gelatinous body 1,
(nimble swimmer 1), tentacles
a: no special abilities


You were on level 3 of the Dungeon.
You visited 1 branch of the dungeon, and saw 3 of its levels.

You collected 83 gold pieces.

Inventory:

Hand Weapons
 a - a +0 war axe (weapon)
Missiles
 h - 17 poisoned darts (quivered)
Armour
 b - a +0 kite shield (worn)
Scrolls
 d - 6 scrolls of teleportation {unknown}
 g - a scroll of noise {unknown}
 j - 2 scrolls of magic mapping {unknown}
 l - a scroll of identify {unknown}
 m - a scroll of amnesia {unknown}
Potions
 c - a potion of might
 e - a potion of mutation {unknown}
 f - a potion of resistance {unknown}
 i - a potion of heal wounds {unknown}
 k - a potion of lignification {unknown}


   Skills:
 - Level 3.7 Fighting
 - Level 2.9 Axes
 * Level 3.7 Throwing
 - Level 3.0 Dodging
 - Level 3.7 Shields


You had 4 spell levels left.
You didn't know any spells.
Your spell library contained the following spells:

 Spells                   Type           Power      Damage    Failure   Level
 Animate Skeleton         Necr           0%         N/A       85%         1
 Apportation              Tloc           0%         N/A       85%         1
 Corona                   Hex            0%         N/A       85%         1
 Summon Small Mammal      Summ           0%         N/A       85%         1


Dungeon Overview and Level Annotations

Branches:
Dungeon (3/15)

Altars:
Xom


Innate Abilities, Weirdness & Mutations

You cannot wear most types of armour.
You are amphibious.
You can wear up to eight rings at the same time.
Your skin changes colour to match your surroundings (Stealth+).
Your rubbery body absorbs attacks. (AC +1, EV +1)
((You are camouflaged near water. (Stealth+)))
You have tentacles for arms and can constrict up to eight enemies at once.


Message History

The crimson imp shouts! x3
The bat enters a dispersal trap!
The crimson imp blinks! x2
The teleport trap disappears.
The crimson imp disappears!
The crimson imp blinks! x3; You blink.
The bat blinks!
The crimson imp barely misses you.
The crimson imp enters a dispersal trap!
The crimson imp blinks!
The bat blinks!
You blink.
The crimson imp blinks!
You miss the crimson imp. Your grab misses the crimson imp.
The crimson imp hits you. You block the bat's attack.
You block the crimson imp's attack. The crimson imp hits you.
You hit the crimson imp. Your grab misses the crimson imp.
The crimson imp is moderately wounded.
You hit the crimson imp. The bat hits you.
You block the crimson imp's attack. x2
You barely miss the crimson imp. Your grab misses the crimson imp.
The crimson imp is moderately wounded.
You closely miss the crimson imp. You closely miss the bat. The bat misses you.
You block the crimson imp's attack. x2; The bat hits you but does no damage.
The crimson imp hits you but does no damage.
The bat barely misses you.
Unknown command.
You slash the crimson imp! You grab the crimson imp.
The crimson imp is severely wounded.
You hit the bat.
You kill the bat!
You hit the crimson imp but do no damage.
You constrict the crimson imp.
You kill the crimson imp!
The crimson imp blinks!
The crimson imp hits you.
The crimson imp hits you with a +2 dagger of chaos.
You are electrocuted!
* * * LOW HITPOINT WARNING * * *
You block the crimson imp's attack.
You are too injured to fight recklessly!
You are too injured to fight recklessly!
You hit the crimson imp but do no damage.
Your grab misses the crimson imp. You barely miss the crimson imp.
You block the crimson imp's attack. The crimson imp hits you.
* * * LOW HITPOINT WARNING * * *
The crimson imp hits you with a +2 dagger of chaos.
You die...

#.# ###.# #...#
#(### ######)#
####+####...##.#
#.....^.#.#.##.#
###._5###......#
#.^.5@^.#.#.####
#.#####'######.#
#......ยง.......#
################


You could see 2 crimson imps.

Vanquished Creatures
  A crimson imp (D:3)
  Crazy Yiuf (D:2)
  Jessica (D:2)
  Robin (D:2)
  3 gnolls (D:3)
  An adder (D:3)
  2 dart slugs
  2 ball pythons
  5 bats
  3 endoplasms
  2 giant cockroaches
  7 hobgoblins
  11 jackals
  2 quokkas (D:2)
  2 frilled lizards
  10 goblins
  2 kobolds (D:3)
  3 rats (D:2)
59 creatures vanquished.

Vanquished Creatures (others)
  A fungus (D:2)
1 creature vanquished.

Grand Total: 60 creatures vanquished

Notes
Turn   | Place    | Note
-------+----------+-------------------------------------------
     0 | D:1      | Zeld the Octopode Fighter began the quest for the Orb.
     0 | D:1      | Reached XP level 1. HP: 16/16 MP: 1/1
    72 | D:1      | Reached XP level 2. HP: 9/21 MP: 2/2
   622 | D:1      | Found a faded altar of an unknown god.
   684 | D:1      | Reached XP level 3. HP: 26/26 MP: 3/3
  1130 | D:2      | Noticed Jessica
  1132 | D:2      | Killed Jessica
  1133 | D:2      | Reached XP level 4. HP: 32/32 MP: 4/4
  1662 | D:2      | Noticed Robin
  1668 | D:2      | Reached skill level 1 in Throwing
  1669 | D:2      | Killed Robin
  2060 | D:2      | Found a runed translucent door.
  2061 | D:2      | Noticed Crazy Yiuf
  2070 | D:2      | Killed Crazy Yiuf
  2071 | D:2      | Reached XP level 5. HP: 37/37 MP: 5/5
  2401 | D:3      | Found a shimmering altar of Xom.
  2408 | D:3      | Slain by a crimson imp

Illustrated notes

Levels and vault maps discovered:
D:1:      dpeg_arrival_long_road, layout_loops_ring,
          ebering_ecumenical_altar_rust
D:2:      layout_loops_cross, minmay_misc_feat_columns, uniq_crazy_yiuf_cottage,
          uniq_jessica, uniq_robin
D:3:      minmay_skewed_foursquare, layout_loops_cross, led_xom_imps

Skill      XL: |  1  2  3  4  5 |
---------------+----------------+-----
Throwing       | 2 3 |  3.7
Fighting       | |  3.7
Axes           | |  2.9
Dodging        | |  3.0
Shields        | |  3.7

Action                   |  1- 3 |  4- 6 || total
-------------------------+-------+-------++-------
Melee: War axe           |    44 |    65 ||   109
       Constrict         |    16 |    19 ||    35
       Tentacles         |     3 |    10 ||    13
Throw: Dart              |       |     2 ||     2
 Stab: Sleeping          |     2 |       ||     2
Armor: Skin              |     8 |     4 ||    12
Dodge: Dodged            |    23 |    32 ||    55
Block: Kite shield       |    32 |    48 ||    80

Table legend: (Time is in decaauts)
 A = Elapsed time spent in this place.
 B = Non-inter-level travel time spent in this place.
 C = Inter-level travel time spent in this place.
 D = Time resting spent in this place.
 E = Time spent auto-exploring this place.
 F = Levels seen in this place.
 G = Mean time per level.
                   A        B        C        D        E       F      G
               +--------+--------+--------+--------+--------+-----+--------+
         Total |   2472 |   2379 |     93 |      0 |   2004 |   3 |  824.0 |
       Dungeon |   2472 |   2379 |     93 |      0 |   2004 |   3 |  824.0 |
               +--------+--------+--------+--------+--------+-----+--------+

Top non-repeatable levels by time:
     D:2: 1111 daAuts
     D:1: 1070 daAuts
     D:3: 290 daAuts
